 Dungeon Crawl Stone Soup version 0.30-a0-757-ga6a79fd877 (webtiles) character file.

Game seed: 8790788359158090299

47088 mistaj the Brawler (level 14, -1/124 (126) HPs)
             Began as a Troll Monk on Feb 9, 2023.
             Was a High Priest of Hepliaklqana.
             Slain by a nine-headed hydra (9 damage)
             ... on level 5 of the Lair of Beasts.
             The game lasted 00:34:20 (14919 turns).

mistaj the Brawler (Troll Monk)                    Turns: 14919, Time: 00:34:21

HP:   -1/124 (126)  AC:  7    Str: 24    XL:     14   Next: 7%
MP:   13/13         EV: 12    Int:  8    God:    Hepliaklqana [*****.]
Gold: 943           SH: 17    Dex: 12    Spells: 13/13 levels left

rFire   . . .      SeeInvis .    z - +4 morningstar (freeze)
rCold   . . .      Faith    .    x - +0 tower shield
rNeg    . . .      Spirit   .    a - +1 robe
rPois   +          Reflect  .    (helmet restricted)
rElec   .          Harm     .    r - +1 cloak of Starlight {*Dazzle EV+4 Stlth--}
rCorr   .          Rampage  .    (gloves unavailable)
Will    +....                    (boots unavailable) Stlth
                                 (no amulet)
HPRegen 1.20/turn                t - ring of poison resistance
MPRegen 0.13/turn                c - +4 ring of slaying

@: marked, lightly drained
A: reduced essence, large, unfitting armour, claws 3, regeneration 1, shaggy fur
1, tough skin 1
a: Renounce Religion, Recall Ancestor, Ancestor Identity, Transference, Idealise


You were on level 5 of the Lair of Beasts.
You worshipped Hepliaklqana.
Hepliaklqana was extremely pleased with you.
You visited 3 branches of the dungeon, and saw 17 of its levels.
You also visited: Sewer.

You collected 1072 gold pieces.
You spent 129 gold pieces at shops.

Inventory:

Hand Weapons
 z - a +4 morningstar of freezing (weapon)
Missiles
 F - 4 javelins (quivered)
 M - 2 throwing nets
Armour
 a - a +1 robe (worn)
 r - the +1 cloak of Starlight (worn) {*Dazzle EV+4 Stlth--}
   (You acquired it on level 4 of the Dungeon)

   *Dazzle:   It may blind those who miss an attack against the wearer in melee
   combat.
   EV:        It affects your evasion (+4).
   Stlth:     It makes you much less stealthy.
 x - a +0 tower shield (worn)
Jewellery
 c - a +4 ring of slaying (right claw)
 t - a ring of poison resistance (left claw)
 B - a +4 ring of protection
 C - a ring of resist corrosion
Wands
 w - a wand of charming (16)
 y - a wand of iceblast (6)
 D - a wand of polymorph (5)
 I - a wand of flame (7)
 J - a wand of light (4)
 K - a wand of mindburst (11)
Scrolls
 d - 3 scrolls of enchant weapon
 f - 7 scrolls of teleportation
 g - a scroll of enchant armour
 l - 2 scrolls of poison
 u - a scroll of summoning
 v - 2 scrolls of magic mapping
 E - 2 scrolls of blinking
 G - 4 scrolls of amnesia
 L - 2 scrolls of fog
Potions
 b - a potion of ambrosia
 e - 7 potions of magic
 h - 3 potions of brilliance
 i - 12 potions of heal wounds
 j - 4 potions of attraction
 k - 4 potions of cancellation
 m - 2 potions of haste
 n - 3 potions of curing
 o - 3 potions of resistance
 p - a potion of might
 q - 2 potions of lignification
 s - 7 potions of mutation
 A - 3 potions of flight
Miscellaneous
 H - a condenser vane


   Skills:
 - Level 9.7 Fighting
 - Level 2.4 Dodging
 - Level 1.0 Stealth
 + Level 12.7 Shields
 + Level 17.5 Unarmed Combat


You had 13 spell levels left.
You didn't know any spells.
Your spell library contained the following spells:

 Spells                   Type           Power      Damage    Failure   Level
 Apportation              Tloc           0%         N/A       80%         1
 Freeze                   Ice            0%         1d3       80%         1
 Magic Dart               Conj           0%         1d3       80%         1
 Necrotise                Necr           0%         1d4       80%         1
 Shock                    Conj/Air       0%         1d3       80%         1
 Searing Ray              Conj           0%         2d4       91%         2
 Frozen Ramparts          Ice            0%         1d1       99%         3
 Hailstorm                Conj/Ice       0%         3d3       99%         3
 Kindle Blastsparks       Fire/Tloc/Air  0%         2d10      99%         3
 Swiftness                Air            0%         N/A       99%         3
 Vampiric Draining        Necr           0%         2d6       99%         3
 Airstrike                Air            0%         2d(0-16)  100%        4
 Cause Fear               Hex            0%         N/A       100%        4
 Fulminant Prism          Conj/Hex       0%         3d5       100%        4
 Iskenderun's Mystic Bla  Conj/Tloc      0%         2d3       100%        4
 Agony                    Necr           0%         N/A       100%        5
 Alistair's Intoxication  Tmut/Pois      0%         N/A       100%        5
 Lee's Rapid Deconstruct  Erth           0%         3d4*      100%        5
 Dragon Form              Tmut           0%         N/A       100%        7
 Dragon's Call            Summ           0%         N/A       100%        9


Dungeon Overview and Level Annotations

Branches:
Dungeon (11/15)            Temple (1/1) D:7            Lair (5/5) D:10
 Shoals (0/4) Lair:2        Snake (0/4) Lair:3        Slime (0/5) Lair:5
  Sewer (visited)
    Orc: D:9-12

Altars:
Ashenzari
Cheibriados
Dithmenos
Elyvilon
Fedhas
Gozag
Hepliaklqana
Kikubaaqudgha
Makhleb
Nemelex Xobeh
Okawaru
Qazlal
Ru
Sif Muna
Trog
Uskayaw
Vehumet
Wu Jian
Xom
Yredelemnul
Zin
The Shining One
Jiyva

Shops:
D:5 *   D:9 *(?   D:10 ((*

Annotations:
D:7 2 transporters, elongatedgoose's ghost, novice TrFi
D:8 2 transporters, exclusion: ice statue, Iich's ghost, novice MiFi
D:10 1 runed translucent door, SpyderV's ghost, journeyman MiFi


Innate Abilities, Weirdness & Mutations

Your life essence is reduced to manifest your ancestor. (-10% HP)
You are too large for most types of armour.
You have claws for hands.
Your natural rate of healing is unusually fast.
You are covered in fur. (AC +1)
You have tough skin. (AC +1)


Message History

The blink frog blinks!
You block the nine-headed hydra's attack. x2
The nine-headed hydra bites you! The nine-headed hydra bites you. x2
You block the nine-headed hydra's attack.
The nine-headed hydra closely misses you.
You block the nine-headed hydra's attack.
The nine-headed hydra bites you!
Unknown command.
You completely miss the nine-headed hydra.
The nine-headed hydra is heavily wounded.
You block the blink frog's attack. x2
You block the nine-headed hydra's attack.
The nine-headed hydra barely misses you.
The nine-headed hydra bites you.
The nine-headed hydra bites you but does no damage.
You block the nine-headed hydra's attack.
The nine-headed hydra closely misses you.
The nine-headed hydra misses you.
The nine-headed hydra bites you but does no damage.
The nine-headed hydra bites you.
Unknown command.
You completely miss the nine-headed hydra.
The nine-headed hydra is heavily wounded.
The nine-headed hydra is no longer moving slowly.
The nine-headed hydra is no longer blind.
The blink frog completely misses you.
The blink frog blinks!
A death yak comes into view.
You block the nine-headed hydra's attack.
The nine-headed hydra barely misses you.
You block the nine-headed hydra's attack.
The nine-headed hydra bites you.
You block the nine-headed hydra's attack.
The nine-headed hydra bites you!
* * * LOW HITPOINT WARNING * * *
The nine-headed hydra bites you!
* * * LOW HITPOINT WARNING * * *
The nine-headed hydra bites you!
* * * LOW HITPOINT WARNING * * *
The nine-headed hydra bites you!
You die...

##..#....#....P##..
###.##Y#########.#
##.####.# #.#
##...##..# ###
#......### #
##..F....# #
#......###
##..†..P.#
#...@....#
#.#.D§.P.#
###......# .....#.#
......### ##P....#
#.).... ##.....#
......


You could see a death yak, a nine-headed hydra and a blink frog.

Vanquished Creatures
  Nessos (Lair:5)
  Erolcha (D:10)
  3 boulder beetles
  Urug (Lair:4)
  4 death yaks (Lair:4)
  2 necromancers (Lair:5)
  Pikel (D:7)
  A merfolk siren (Lair:2)
  4 black mambas
  6 elephants
  Joseph (D:7)
  A gargoyle (D:11)
  3 rime drakes
  2 dire elephant skeletons (Lair:5)
  11 cane toads
  A torpor snail (Lair:5)
  An unseen horror (D:11)
  Psyche (D:8)
  4 komodo dragons
  2 polar bears
  A hornet (D:9)
  Prince Ribbit (D:5)
  12 blink frogs
  5 dream sheep (Lair:4)
  A spectral elephant (Lair:5)
  A wraith (D:10)
  2 shadows
  A vampire (D:9)
  49 yaks
  A basilisk (Lair:2)
  8 wyverns
  3 steam dragons
  Menkaure (D:5)
  3 nagas (Lair:3)
  A swamp worm (Lair:4)
  9 water moccasins
  2 sky beasts
  A black bear (Lair:1)
  2 ice beasts
  An elephant zombie (Lair:5)
  An ogre (D:5)
  2 elephant skeletons (Lair:5)
  3 centaurs
  15 wolves
  A phantom (D:6)
  6 bullfrogs
  A necrophage (D:8)
  3 scorpions
  13 wights
  4 killer bees
  An electric eel (D:9)
  A hound (D:6)
  7 jellies
  2 orc priests
  A gnoll bouda (D:7)
  3 iguanas
  4 orc wizards
  4 gnolls
  8 adders
  3 river rats (Sewer)
  2 white imps
  An ufetubus (D:6)
  3 worms
  4 dart slugs
  16 orcs
  13 bats
  10 endoplasms
  A giant cockroach (D:1)
  9 goblins
  10 hobgoblins
  10 jackals
  5 quokkas
  12 ball pythons
  3 frilled lizards
  26 kobolds
  30 rats
394 creatures vanquished.

Vanquished Creatures (collateral kills)
  3 hydras
  2 death yaks (Lair:4)
  An elephant (Lair:5)
  2 cane toads
  An unseen horror (D:11)
  A rime drake (Lair:2)
  2 komodo dragons
  2 polar bears
  2 dream sheep (Lair:4)
  2 blink frogs
  A wraith (D:9)
  3 wyverns
  12 yaks
  2 basilisks
  A swamp worm (Lair:4)
  2 nagas (Lair:3)
  An acid dragon (D:10)
  3 water moccasins (D:10)
  A lemure (D:7)
  3 bullfrogs
  A wight (D:8)
  5 killer bees
  A hound (D:7)
  2 orc wizards (D:10)
  An ufetubus (D:8)
  2 orcs (D:10)
  2 bats (D:9)
61 creatures vanquished.

Vanquished Creatures (others)
  7 hexers
  An ufetubus (D:8)
  A bush (Lair:3)
  25 fungi
  36 plants
  23 withered plants (Lair:5)
93 creatures vanquished.

Grand Total: 548 creatures vanquished

Notes
Turn   | Place    | Note
-------+----------+-------------------------------------------
     0 | D:1      | mistaj the Troll Monk began the quest for the Orb.
     0 | D:1      | Reached XP level 1. HP: 22/22 MP: 0/0
    41 | D:1      | Reached XP level 2. HP: 22/29 MP: 1/1
   372 | D:1      | Reached XP level 3. HP: 37/37 MP: 2/2
   795 | D:2      | Reached skill level 4 in Unarmed Combat
   802 | D:2      | You fall into a shaft and drop 2 floors!
   809 | D:4      | Reached XP level 4. HP: 45/45 MP: 3/3
   874 | D:4      | Noticed a bullfrog
   877 | D:4      | Killed a bullfrog
   878 | D:4      | Reached XP level 5. HP: 50/54 MP: 4/4
   885 | D:4      | Found a basalt altar of Yredelemnul.
  1098 | D:3      | Found a glowing drain.
  1107 | Sewer    | Entered a sewer
  1313 | Sewer    | Reached skill level 5 in Unarmed Combat
  2158 | D:2      | Reached XP level 6. HP: 62/62 MP: 5/5
  2350 | D:2      | Found a faded altar of an unknown god.
  3008 | D:4      | Noticed an ice beast
  3019 | D:4      | Killed an ice beast
  3262 | D:4      | Identified a scroll of acquirement
  3262 | D:4      | Acquired the +1 cloak of Starlight {*Dazzle EV+4 Stlth--}
  3262 | D:4      | Found the +1 cloak of Starlight {*Dazzle EV+4 Stlth--}
  3508 | D:4      | Reached skill level 5 in Fighting
  3508 | D:4      | Reached skill level 6 in Unarmed Combat
  3508 | D:4      | Reached XP level 7. HP: 67/72 MP: 6/6
  3722 | D:5      | Entered Level 5 of the Dungeon
  3745 | D:5      | Noticed Menkaure
  3785 | D:5      | Found Pamot's Elemental Accessories.
  3970 | D:5      | Noticed Prince Ribbit
  3991 | D:5      | Killed Prince Ribbit
  4125 | D:5      | Killed Menkaure
  4126 | D:5      | Reached skill level 7 in Unarmed Combat
  4555 | D:6      | Reached XP level 8. HP: 78/83 MP: 7/7
  4717 | D:6      | Reached skill level 8 in Unarmed Combat
  5423 | D:7      | Noticed elongatedgoose's ghost (novice TrFi)
  5528 | D:7      | Reached XP level 9. HP: 84/93 MP: 8/8
  5541 | D:7      | Reached skill level 9 in Unarmed Combat
  5667 | D:7      | Found a staircase to the Ecumenical Temple.
  5681 | Temple   | Entered the Ecumenical Temple
  5949 | Temple   | Became a worshipper of Hepliaklqana the Forgotten
  5949 | Temple   | Reached * piety under Hepliaklqana
  5949 | Temple   | Reached ** piety under Hepliaklqana
  5950 | Temple   | Remembered your ancestor Huemac as a hexer
  5974 | D:7      | Noticed Joseph
  5985 | D:7      | Killed Joseph
  6045 | D:7      | Found a transporter.
  6049 | D:7      | Identified the +1 robe of Gozatira {rPois Will+ Regen+
                  | MP-9}
  6062 | D:7      | Noticed Pikel
  6072 | D:7      | Killed Pikel
  6073 | D:7      | Reached skill level 10 in Unarmed Combat
  6258 | D:7      | Found a transporter.
  6349 | D:8      | Noticed Psyche
  6713 | D:8      | Noticed an ice devil
  6720 | D:8      | Noticed an ice devil
  6722 | D:8      | Noticed an ice devil
  6723 | D:8      | Noticed an ice devil
  6724 | D:8      | Noticed an ice devil
  6727 | D:8      | Noticed an ice devil
  6728 | D:8      | Noticed an ice statue
  6755 | D:8      | Noticed an ice devil
  6820 | D:8      | Reached XP level 10. HP: 89/96 MP: 9/9
  7185 | D:8      | Found a transporter.
  7190 | D:8      | Noticed Iich's ghost (novice MiFi)
  7206 | D:8      | Found a transporter.
  7207 | D:8      | Noticed a moth of wrath
  7330 | D:8      | Killed Psyche
  7543 | D:9      | Found a shimmering blue altar of Sif Muna.
  7558 | D:9      | Reached skill level 11 in Unarmed Combat
  7640 | D:9      | Reached *** piety under Hepliaklqana
  7641 | D:9      | Found a sacrificial altar of Ru.
  7652 | D:9      | Found Ydweddy's Magic Scroll Emporium.
  8184 | D:9      | Found Ette Yqola's Antique Weapon Shoppe.
  8203 | D:9      | Found Oserruy's Mass Market.
  8214 | D:9      | Bought a +0 tower shield for 63 gold pieces
  8374 | D:9      | Found a blossoming altar of Fedhas.
  8374 | D:9      | Found a shadowy altar of Dithmenos.
  8374 | D:9      | Found a broken altar of Ashenzari.
  8376 | D:9      | Found an ancient bone altar of Kikubaaqudgha.
  8377 | D:9      | Found a glowing silver altar of Zin.
  8379 | D:9      | Found a white marble altar of Elyvilon.
  8550 | D:10     | Entered Level 10 of the Dungeon
  8560 | D:10     | Reached skill level 1 in Shields
  8673 | D:10     | Reached skill level 12 in Unarmed Combat
  8730 | D:10     | Noticed Erolcha
  8756 | D:10     | Killed Erolcha
  8757 | D:10     | Reached XP level 11. HP: 46/105 MP: 10/10
  8827 | D:10     | Found Haigojen's Weapon Shoppe.
  8899 | D:10     | Reached skill level 5 in Shields
  8956 | D:10     | Found a staircase to the Lair.
  9037 | D:10     | Found Rioskulu's Assorted Antiques.
  9058 | D:10     | Found a runed translucent door.
  9058 | D:10     | Found a shimmering altar of Xom.
  9058 | D:10     | Noticed SpyderV's ghost (journeyman MiFi)
  9058 | D:10     | Noticed a +1 quarterstaff of chaos
  9068 | D:10     | Bought 2 scrolls labelled LUKKIA GOONWI for 66 gold pieces
  9228 | D:10     | Found Vohuv's Antique Weapon Shoppe.
  9291 | D:11     | Reached skill level 13 in Unarmed Combat
  9395 | Lair:1   | Entered Level 1 of the Lair of Beasts
  9395 | Lair:1   | Reached **** piety under Hepliaklqana
  9737 | Lair:1   | Reached skill level 14 in Unarmed Combat
 10528 | Lair:2   | Noticed a boulder beetle
 10536 | Lair:2   | Reached XP level 12. HP: 99/113 MP: 11/11
 10544 | Lair:2   | Killed a boulder beetle
 10746 | Lair:2   | Reached ***** piety under Hepliaklqana
 10757 | Lair:2   | Noticed a catoblepas
 10759 | Lair:2   | Noticed an eight-headed hydra
 11041 | Lair:2   | Killed an eight-headed hydra
 11042 | Lair:2   | Reached skill level 15 in Unarmed Combat
 11091 | Lair:2   | Identified the +4 sling "Troll's Curse" {heavy, rElec rPois
                  | rN+ Dex+3}
 11156 | Lair:2   | Found a staircase to the Shoals.
 11496 | Lair:3   | Identified the +2 sling "Havuc" {flame, rElec rC+}
 11664 | Lair:3   | Noticed a seven-headed hydra
 11670 | Lair:3   | Killed a seven-headed hydra
 12149 | Lair:3   | Found a staircase to the Snake Pit.
 12247 | Lair:3   | Reached skill level 10 in Shields
 12719 | Lair:3   | Reached XP level 13. HP: 71/118 MP: 12/12
 12904 | Lair:4   | Noticed Urug
 12920 | Lair:4   | Killed Urug
 13028 | Lair:4   | Reached skill level 16 in Unarmed Combat
 13763 | Lair:5   | Entered Level 5 of the Lair of Beasts
 13778 | Lair:5   | Found a staircase to the Slime Pits.
 13779 | Lair:5   | Found a viscous altar of Jiyva.
 13983 | Lair:5   | Reached skill level 17 in Unarmed Combat
 14002 | Lair:5   | Noticed a dire elephant
 14002 | Lair:5   | Noticed a dire elephant
 14002 | Lair:5   | Noticed a dire elephant
 14506 | Lair:5   | Noticed Nessos
 14520 | Lair:5   | Killed Nessos
 14677 | Lair:5   | Reached XP level 14. HP: 116/126 MP: 13/13
 14919 | Lair:5   | Slain by a nine-headed hydra

Illustrated notes

Levels and vault maps discovered:
D:1:      dpeg_arrival_rooms_with_view, layout_basic
D:2:      layout_loops_ring, shapermc_ecumenical_altar_hornbeckon
D:3:      minmay_octagon_keep, layout_loops_ring, cheibrodos_sewer_entry_bend,
          minmay_misc_feat_four_crosses, kennysheep_generic_room_12
D:4:      layout_loops_ring, mainiacjoe_overflow_brackets
D:5:      layout_loops_ring, nicolae_elemental_shop, uniq_menkaure,
          uniq_prince_ribbit1
D:6:      layout_basic
D:7:      layout_cave_pools, minmay_temple_entry_offerings,
          gammafunk_ghost_arena, uniq_joseph, uniq_pikel
D:8:      cheibrodos_frozen_isle, layout_basic,
          gammafunk_ghost_berserking_beasts, uniq_psyche
D:9:      layout_stronghold, nicolae_ru_awakened_eye, minitemple, serial_shops,
          nicolae_shop_crystal, nicolae_shop_window_shopping, st_stairs_10,
          minivault_26, grunt_ministairs_12, roderic_batcave, minmay_shop_mass,
          evilmike_minifort
D:10:     layout_rooms, minmay_lair_entry_grove, ebering_ghost_xom,
          serial_shops, shop, shop, nicolae_shop_advertising_works
          [nicolae_subvault_shop_adworks], uniq_erolcha
D:11:     layout_cross
Temple:   oiseaux_autumnal_temple
Lair:1:   layout_hall_layers, minivault_24, grunt_megastairs_3
Lair:2:   layout_big_grid, minmay_shoals_entry_lonely_mermaid,
          serial_bayou_shore_b
Lair:3:   layout_cave_pods, minmay_snake_entry_guardpost_medium
Lair:4:   layout_concentric_octagons, worms_lemuel, infiniplex_staircase_pool_2,
          uniq_urug
Lair:5:   due_jungle_book, layout_cellular_growth,
          nicolae_slime_entry_slimehenge, uniq_nessos

Skill      XL: |  1  2  3  4  5  6  7  8  9 10 11 12 13 |
---------------+----------------------------------------+-----
Fighting       | 3 4 5 6 7 9 |  9.7
Unarmed Combat | 4 5 6 7 8 10 12 14 15 17 | 17.5
Shields        | 4 7 10 12 | 12.7
Dodging        | |  2.4
Stealth        | |  1.0

Action                     |  1- 3 |  4- 6 |  7- 9 | 10-12 | 13-15 || total
---------------------------+-------+-------+-------+-------+-------++-------
  Melee: Unarmed           |    81 |   248 |   203 |   360 |   299 ||  1191
         Punch             |     1 |     5 |     9 |     6 |       ||    21
         Morningstar       |       |       |       |     9 |     8 ||    17
 Invoke: Ancestor Life: He |       |       |     1 |       |       ||     1
  Evoke: Wand              |       |       |       |     1 |       ||     1
    Use: Scroll            |       |    13 |     5 |    11 |     2 ||    31
         Potion            |       |       |       |     1 |       ||     1
   Stab: Sleeping          |     1 |     3 |       |       |       ||     4
         Invisible         |       |       |     7 |     2 |     2 ||    11
         Distracted        |       |       |     1 |     9 |     5 ||    15
         Confused          |       |       |       |     5 |     8 ||    13
 Armour: Robe              |    28 |   100 |    56 |    78 |    53 ||   315
  Dodge: Dodged            |    40 |   160 |   166 |   157 |    96 ||   619
  Block: Tower shield      |       |       |       |   241 |   259 ||   500

Table legend: (Time is in decaauts)
 A = Elapsed time spent in this place.
 B = Non-inter-level travel time spent in this place.
 C = Inter-level travel time spent in this place.
 D = Time resting spent in this place.
 E = Time spent auto-exploring this place.
 F = Levels seen in this place.
 G = Mean time per level.
                   A        B        C        D        E       F      G
               +--------+--------+--------+--------+--------+-----+--------+
         Total |  14827 |  14313 |    514 |   2404 |   7916 |  18 |  823.7 |
       Dungeon |   8448 |   8102 |    346 |    969 |   4995 |  11 |  768.0 |
        Temple |    292 |    255 |     37 |      0 |    241 |   1 |  292.0 |
          Lair |   5496 |   5365 |    131 |   1416 |   2373 |   5 | 1099.2 |
         Sewer |    590 |    590 |      0 |     19 |    307 |   1 |  590.0 |
               +--------+--------+--------+--------+--------+-----+--------+

Top non-repeatable levels by time:
  Lair:3: 1422 daAuts
  Lair:1: 1253 daAuts
  Lair:5: 1136 daAuts
     D:8: 1029 daAuts
     D:9: 1013 daAuts
     D:3: 906 daAuts
     D:4: 871 daAuts
  Lair:4: 863 daAuts
     D:6: 851 daAuts
  Lair:2: 821 daAuts
     D:7: 788 daAuts
     D:5: 778 daAuts
    D:10: 760 daAuts
     D:2: 685 daAuts
     D:1: 671 daAuts
